Workbook
Name Task: 'Project Progress Report'!#REF!

Sheet Introduction and Checklist
A2: Study Development - Project Planner | I2: Planner version: 1.0 [2026]
A4: Project Title:
A6: Project Member(s): | I6: For more guidance on using Excel visit Digital Training’s guidance
A8: Project Start Date:
A11: Notes for completion:
A12: Welcome to the Study Development Project Planner workbook. The toolkit and this workbook have been developed by the Study Development Team, based on work by the Strategic Projects and Change team at York St John University. This workbook will provide you with guidance and practical examples (shown in red) to enable you to manage your project confidently to a successful conclusion. There will be guidance on how to complete each section throughout. As well as helping you to manage larger pieces of work, this planner helps develop your skills. Lots of your university work can be great evidence of project thinking - using a project toolkit like this can help you develop project skills and collate evidence for applying to jobs.
A15: When… | B15: What … | C15: Status
A16: Before you start the delivery of the project work. | B16: Complete the Project Overview tab | C16: Not done yet
B17: Start thinking about initial tasks | C17: Not done yet
B18: Fill in sections 1-4 on the Group Project Tab (if it is a group project)
B19: Keep updating your plan (what is in progress, completed, waiting for something else etc.) | C19: Not done yet
A20: During the process of completing your project. | B20: Regularly update the Project Progress Report. | C20: Not done yet
B21: Check all the tasks in the plan have been marked as completed | C21: Not done yet
B22: Continue to update your reading log. | C22: Not done yet
B23: Continue to update your Tutor meetings | C23: Not done yet
B24: Continue to update Group Project (if it is a group project) | C24: Not done yet
A25: As you complete/near completion. | B25: Go through the editing and proofreading checklist. | C25: Not done yet

Sheet Project Overview
A1: Project Overview
A2: Notes for completion:
A3: In this section, you are going to describe what you hope your project will deliver and what constraints (time, funding, deadline, other life commitments, etc.) might hinder your progress. This section will likely change as your project progresses, so try to revisit this page every few months. Use this page to orient your work, both intellectually and practically.
A5: Purpose of my project: | B5: What is the purpose of my project? What is the aim of my project? What problem, gap, or tension in my field am I trying to address? Why does this project matter? Who is my ideal reader?
A6: Personal Motivations | B6: Why do I care about this project? What first drew me to this topic? What will finishing my project feel like? What does my project mean to me?
A7: Contribution and Originality | B7: What is genuinely original about my project? What does my project contribute to the field?
A8: Key Milestones: | B8: Do you have a deadline by which you need to submit your project? What are some key milestones (research, drafts, etc.) that you will need to meet?
B9: Milestone | F9: Date
B10: Example: Draft first paragraph | F10: 46341
B11: Example: Add full references to first paragraph | F11: 46346
B12: Example: Draft introduction and conclusion | F12: 46357
A20: Scope: | B20: What is the scope of my project? Where is the boundary between what you will and won't discuss? What am I excluding and why?

Sheet Tutor Meetings
A1: Tutor Meetings Log
A2: Notes for completion:
A3: Use this log to record any meetings with your tutors, so you can think about what you want to ask, note any feedback, and then how you will use that moving forward.
A5: Roles and Responsibilities | B5: How often would you like to meet? How will you prepare for meetings? How will you communicate problems early? What do you expect your tutor to help with? What kind of guidance do you need the most? Think about the kind of feedback you would like (written/verbal) and the balance between direction and autonomy that you would like to find.
A7: Log | B7: Questions I want to ask | C7: Key Feedback: | D7: What I will do moving forward | E7: Notes
A8: Tutor name: Meeting date:
A934: Column1 | B934: Column2 | C934: Column3 | D934: Column4 | E934: Column5 | F934: Column6 | G934: Column7 | H934: Column8

Sheet Group Project
A1: Group Work
A3: If you’re working on a group project, use this tab alongside the others to help organise your group, coordinate tasks and make sure everyone is on the same page. For further support with group work, visit our factsheets (WILL LINK)
A4: 1) Overall Team Project Goal Set clear goals for your group project and keep referring back to them throughout the project. This will help you stay on track and make sure you are working towards what you want to achieve.
A5: 2) Group Rules Setting group rules can help you work collaboratively and contribute to the success of your project. You may want to revisit and update these throughout the project, or add any extra columns you feel are useful to agree on as a team.
A6: Our team goals | B6: How often we will meet | C6: How we will communicate | D6: How we will make decisions | E6: How will we deal with problems
A9: 3) Getting to know the group Getting to know the people you’re working with can help you work more effectively as a team. Complete the table individually, then set aside some time to discuss your responses together. You can use what you learn to help allocate tasks and agree on group roles.
A10: Name | B10: Skills I will bring to this project… | C10: My strengths are… | D10: I tend to find difficult… | E10: My goal for this project is…. | F10: I work best by….
A17: 4) Group Roles Use this table to allocate roles to each member. Roles could be -Who takes notes? -Who chairs the meetings? -Who sends the emails? -Who makes decisions? -Who identifies what needs to be done? -Who looks after timekeeping?
A18: Name | B18: Role | C18: Responsibilities
A27: 5) Group Meetings Log Keeping a record of meetings ensures everyone is on the same page and provides a clear record of what was discussed and agreed. Nominate someone to take notes at each meeting and use the record to refer back to in future team meetings. For support in engaging with group meetings, visit our factsheets on group work (WILL LINK)
A28: Log | B28: Attendance | C28: Agenda | D28: Decisions made | E28: Actions and Person Responsible | F28: To be done by: (date) | G28: Date of next meeting
A29: Meeting date: | B29: Group members present: Group members absent: | E29: Action: Person responsible:
A954: Column1 | B954: Column2 | C954: Column3 | D954: Column4 | E954: Column5 | F954: Column6 | G954: Column7 | H954: Column8

Sheet The Plan
A1: The Plan
A2: Notes for completion:
A3: Think of this as your to-do list: what are all the individual things that need to happen for you to make your project a success? Start typing in a new row and the table will expand. Top tips: - Think about the order in which these need to happen. Is there anything in your list that needs something else to happen first? - How do all these things fit with the milestones you listed in the Project Overview tab? - Try to break larger tasks down into smaller chunks.
A5: Task ID | B5: Description | C5: Task status | D5: Start date | E5: Due Date | F5: Actual Completion Date | G5: Notes | H5: Gantt start date | I5: Gantt duration
A6: 1 | B6: Example: Identify key sources | C6: In progress | D6: 46133 | E6: 46163 | H6: =IF(COUNTA(D6,E6)=2,D6,NA()) -> 46133 | I6: =IF(COUNTA(D6,E6)=2,E6-D6,NA()) -> 30
A7: 2 | B7: Example: Produce draft of paragraph one | C7: Not started | D7: 46162 | E7: 46233 | H7: =IF(COUNTA(D7,E7)=2,D7,NA()) -> 46162 | I7: =IF(COUNTA(D7,E7)=2,E7-D7,NA()) -> 71
H8: =IF(COUNTA(D8,E8)=2,D8,NA()) -> #N/A | I8: =IF(COUNTA(D8,E8)=2,E8-D8,NA()) -> #N/A
H9: =IF(COUNTA(D9,E9)=2,D9,NA()) -> #N/A | I9: =IF(COUNTA(D9,E9)=2,E9-D9,NA()) -> #N/A

Sheet Reading Log
A1: Reading Log
A2: Notes for completion:
A3: This is a list of your research sources, designed to help you to organise, summarise, and evaluate each source in one place. Each row should contain one source with key details such as author, publication information, main ideas, and any notes you have made. Keep it updated as you research, and use this page to complete your final bibliography. You can use this page alongside other referencing software like EndNote or Zotero: https://www.yorksj.ac.uk/library/referencing/reference-management-tools/
A5: ID Number | B5: Author(s) | C5: Year | D5: Title | E5: Reference (APA/Harvard…) | F5: Type of Resource | G5: Topic/Keywords | H5: Abstract | I5: Research Question | J5: Main Findings | K5: Notes
A6: Example: 1 | B6: Hirsch, Edward. | C6: 1991 | D6: The Imaginary Irish Peasant | E6: Hirsch, Edward. “The Imaginary Irish Peasant.” PMLA, vol. 106, no. 5, 1991, pp. 1116–33. JSTOR, https://doi.org/10.2307/462684. Accessed 9 Apr. 2026. | F6: Journal Article | G6: peasantry, irish literature, modernism, colonialism, rurality | H6: In the late nineteenth and early twentieth centuries the Irish peasant was a figure encoded with literary, social, and political meaning, and to speak or write about that central image of Irish identity in the context of the time was to participate in a special kind of cultural discourse, far removed from the changing realities of rural life. The portraits of the peasant generated by different Irish poets, dramatists, fiction writers, and antiquarians were often radically opposed to one another; in fact, each writer undertook to rewrite or to reconceptualize the peasant characters imagined by predecessors and contemporaries. Thus W. B. Yeats and Douglas Hyde created portraits that not only rivaled each other but aimed primarily at overturning the prevailing English colonial stereotype reflected in the stage Irishman. These portraits were in turn rewritten by John Synge, even as Yeats's, Hyde's, and Synge's were reworked in divergent ways by James Joyce, Flann O'Brien, and Patrick Kavanagh. | I6: Were Irish literary depictions of the peasant accurate to the sociological reality? | J6: No - the peasant was a literary creation that served numerous ideological/cultural ends, depending on the author. | K6: "This interest deeply intensified during the early years of the Irish Literary Revival-indeed, it was in this period that the Irish peasant was fundamentally "created" and characterized for posterity. By placing the peasant figure at the heart of their enterprises, key Revival writers such as W. B. Yeats, John Synge, George Russell (AE), Isabella Augusta Gregory, and Douglas Hyde were partici- pating in a complex cultural discourse motivated by crucial eco- nomic, social, and political needs, as well as by pressing cultural concern." (1116)

Sheet Gantt Chart
A1: Gantt Chart | H1: Today | I1: =TODAY() -> 46288 | J1: =TODAY() -> 46288
A2: Notes for completion: | H2: Y axis | I2: 0 | J2: =COUNTA(The_Plan[Description]) -> 2
A3: This is an optional visual presentation of your The Plan tab as a Gantt Chart. This presents all your tasks based on the duration it will take. There is a vertical date line to help you track where you are at in your project. Top tips for updating this Gantt Chart: - the chart will automatically update with new tasks and durations based on your entries in The Plan - If there's a lot of empty space at the start of your Gantt chart, this is Excel automatically adding extra date padding to the chart. You can amend this by right clicking on the dates on the X axis, and choosing 'Format axis', then in Axis Options and the Bounds section, find the Minimum field and enter the start date of your first ever task.

Sheet Editing and Proofreading
A1: Editing and Proofreading - Checklist
A2: Notes for completion:
A3: This page allows you to keep track of the editing and proofreading stage your project. Below are some examples of things you may want to check, but use this table to create a personalised checklist of what you want to edit and proofread.
A5: Checklist | B5: Y/N?
A6: Have you answered every part of the question? Check the assignment instructions!
A7: Does your project stay focussed on the question and have a clear argument
A8: Have you used a range of academic sources to back up your work?
A9: Have you checked your spelling and grammar?

Sheet Project Progress Report
A1: Research Progress Report | L1: Notes for completion:
A2: Project: | B2: ='Introduction and Checklist'!B4 -> 0 | L2: In this section you are going to update the progress of your project. To do this: - update the report date - right-mouse click on the tables below (tasks and risks) and click refresh. - transpose the figures to the tables on the left for tasks and risks - update the RAG status for your milestone (RED = will not be completed on time, AMBER = may be completed on time, GREEN = will be completed on time) - update what you have spent in your budget. - if you are print this tab - just print the first page so that these notes do not appear.
A3: Project Manager: | B3: ='Introduction and Checklist'!B6 -> 0
A4: Report Date:
A6: Project Tasks | B6: Number | D6: Open Risks and Issues | E6: Number | G6: Milestones | H6: Date | I6: RAG Status
A7: Not started | B7: 3 | D7: High | E7: 1 | G7: ='Project Overview'!$B$10 -> Example: Draft first paragraph | H7: ='Project Overview'!$F$10 -> 46341 | I7: 
A8: In progress | B8: 0 | D8: Medium | E8: 1 | G8: ='Project Overview'!$B$11 -> Example: Add full references to first paragraph | H8: ='Project Overview'!$F$11 -> 46346 | I8: 
A9: Completed | B9: 0 | D9: Low | E9: 0 | G9: ='Project Overview'!#REF! -> #REF! | H9: ='Project Overview'!#REF! -> #REF! | I9: 
A10: Waiting for another task | B10: 0 | D10: Total Open Risks/Issues | E10: =SUM(E7:E9) -> 2 | G10: ='Project Overview'!#REF! -> #REF! | H10: ='Project Overview'!#REF! -> #REF! | I10: 
A11: Total Tasks | B11: =SUM(B7:B10) -> 3 | G11: ='Project Overview'!$B$12 -> Example: Draft introduction and conclusion | H11: ='Project Overview'!$F$12 -> 46357 | I11:  | O11: Risks
G12: ='Project Overview'!$B$13 -> 0 | H12: ='Project Overview'!$F$13 -> 0 | I12:  | L12: Row Labels | M12: Count of Task ID | O12: Status | P12: Open
L13: Not started | M13: 3 | O13: Type | P13: (All)
L14: (blank) | M14: 17
L15: Grand Total | M15: 20 | O15: Row Labels | P15: Count of Type
O16: High | P16: 1
O17: Medium | P17: 1
O18: Grand Total | P18: 2
